PAAA
ATHLETIC CLUB KC RESERVES @ BLOOMINGTON LONGNECKS
09/13/2022
 
TOP OF THE 1ST
Athletic Club KC Reserves batting - Pitching for Bloomington Longnecks : RHP Ron Stone
Pitching: RHP Ron Stone
Batting: LHB Matt Hartnett 0-0: Ball
1-0: Foul Ball, location: 2F
1-1: Swinging Strike
1-2: Strikes out looking
Batting: RHB Glenn Woods 0-0: Called Strike
0-1: Ball
1-1: Ball
2-1: Foul Ball, location: 2F
2-2: Foul Ball, location: 2F
2-2: SINGLE (Groundball, 56D)
Batting: SHB Pedro Vázquez 0-0: Ball
1-0: Called Strike
1-1: Fielders Choice at 2nd, 4-6 (Groundball, 34)
Batting: RHB Joe Guy 0-0: Called Strike
0-1: Ball
1-1: Ball
2-1: Called Strike
2-2: Strikes out swinging
Top of the 1st over - 0 run(s), 1 hit(s), 0 error(s), 1 left on base; Athletic Club KC 0 - Bloomington 0
BOTTOM OF THE 1ST
Bloomington Longnecks batting - Pitching for Athletic Club KC Reserves : LHP António Uribe
Pitching: LHP António Uribe
Batting: RHB Darrell Terwey 0-0: Ball
1-0: DOUBLE (Flyball, 8LD)
Batting: RHB Michael Hicks 0-0: Called Strike
0-1: Ball
1-1: Fly out, F7 (Flyball, 7M)
Batting: SHB Adrián Pueblo 0-0: Ball
1-0: Called Strike
1-1: Ground out 4-3 (Groundball, 4)
Darrell Terwey to third
Batting: SHB Juan Gil 0-0: Ball
1-0: DOUBLE (Line Drive, 78S)
Darrell Terwey scores
Batting: RHB Lawrence Olsen 0-0: Called Strike
0-1: Ball
1-1: Ball
2-1: Ball
3-1: Base on Balls
Batting: RHB Iván Ríos 0-0: Ball
1-0: Ball
2-0: Called Strike
2-1: Swinging Strike
2-2: Ball
3-2: Base on Balls
Juan Gil to third
Lawrence Olsen to second
Batting: LHB Don Sullivan 0-0: Foul Ball, location: 2F
0-1: Ball
1-1: Foul Ball, location: 2F
1-2: Ball
2-2: Strikes out looking
Bottom of the 1st over - 1 run(s), 2 hit(s), 0 error(s), 3 left on base; Athletic Club KC 0 - Bloomington 1
TOP OF THE 2ND
Athletic Club KC Reserves batting - Pitching for Bloomington Longnecks : RHP Ron Stone
Batting: RHB Bill Dennis 0-0: Ball
1-0: Called Strike
1-1: Foul Ball, location: 2F
1-2: Ground out 4-3 (Groundball, 4M)
Batting: RHB Jason Dunn 0-0: Ground out 5-3 (Groundball, 56S)
Batting: RHB Robert Hill 0-0: Called Strike
0-1: Ball
1-1: Called Strike
1-2: Strikes out swinging
Top of the 2nd over - 0 run(s), 0 hit(s), 0 error(s), 0 left on base; Athletic Club KC 0 - Bloomington 1
BOTTOM OF THE 2ND
Bloomington Longnecks batting - Pitching for Athletic Club KC Reserves : LHP António Uribe
Batting: LHB John Doyle 0-0: Foul Ball, location: 2F
0-1: Ball
1-1: Ball
2-1: Fly out, F9 (Line Drive, 9LD)
Batting: LHB Monte Pollard 0-0: Ball
1-0: Foul Ball, location: 2F
1-1: Ground out 4-3 (Groundball, 4)
Batting: RHB Darrell Terwey 0-0: SINGLE (Groundball, 56)
Batting: RHB Michael Hicks 0-0: 2-RUN HOME RUN (Flyball, 78XD), Distance : 401 ft
Batting: SHB Adrián Pueblo 0-0: Ball
1-0: Called Strike
1-1: Foul Ball, location: 2F
1-2: Ball
2-2: SINGLE (Line Drive, 78S)
Batting: SHB Juan Gil 0-0: Ball
1-0: Called Strike
1-1: Foul Ball, location: 2F
1-2: Fielders Choice at 2nd, 5-4 (Groundball, 56)
Bottom of the 2nd over - 2 run(s), 3 hit(s), 0 error(s), 0 left on base; Athletic Club KC 0 - Bloomington 3
TOP OF THE 3RD
Athletic Club KC Reserves batting - Pitching for Bloomington Longnecks : RHP Ron Stone
Batting: RHB Máximo Padilla 0-0: Ball
1-0: Called Strike
1-1: Swinging Strike
1-2: Ball
2-2: SINGLE (Line Drive, 7S)
Batting: LHB Eduardo López 0-0: Ball
1-0: Called Strike
1-1: Foul Ball, location: 2F
1-2: Strikes out swinging
Batting: LHB Matt Hartnett 0-0: SINGLE (Flyball, 7S)
Máximo Padilla to second
Batting: RHB Glenn Woods 0-0: Foul Ball, location: 2F
0-1: Foul Ball, location: 2F
0-2: Foul Ball, location: 2F
0-2: Ball
1-2: Foul Ball, location: 2F
1-2: Strikes out swinging
Batting: SHB Pedro Vázquez 0-0: Foul Ball, location: 2F
0-1: Ball
1-1: Ball
2-1: Swinging Strike
2-2: Ball
3-2: DOUBLE (Popup, 5D)
Máximo Padilla scores
Matt Hartnett to third
Matt Hartnett scores
Batting: RHB Joe Guy 0-0: Ball
1-0: Ground out 5-3 (Groundball, 56)
Top of the 3rd over - 2 run(s), 3 hit(s), 0 error(s), 1 left on base; Athletic Club KC 2 - Bloomington 3
BOTTOM OF THE 3RD
Bloomington Longnecks batting - Pitching for Athletic Club KC Reserves : LHP António Uribe
Batting: RHB Lawrence Olsen 0-0: Called Strike
0-1: Foul Ball, location: 2F
0-2: Ball
1-2: Foul Ball, location: 2F
1-2: Foul Ball, location: 2F
1-2: Strikes out looking
Batting: RHB Iván Ríos 0-0: Foul Ball, location: 2F
0-1: Ball
1-1: Foul Ball, location: 2F
1-2: Ball
2-2: Foul Ball, location: 2F
2-2: Ball
3-2: Base on Balls
Batting: LHB Don Sullivan 0-0: Ball
1-0: Ball
2-0: Fly out, F9 (Flyball, 89M)
Batting: LHB John Doyle 0-0: Ball
1-0: Fielders Choice at 2nd, U4 (Groundball, 4M)
Bottom of the 3rd over - 0 run(s), 0 hit(s), 0 error(s), 1 left on base; Athletic Club KC 2 - Bloomington 3
TOP OF THE 4TH
Athletic Club KC Reserves batting - Pitching for Bloomington Longnecks : RHP Ron Stone
Batting: RHB Bill Dennis 0-0: Ball
1-0: Foul Ball, location: 2F
1-1: Foul Ball, location: 2F
1-2: Foul Ball, location: 2F
1-2: Ball
2-2: Ball
3-2: Base on Balls
Batting: RHB Jason Dunn 0-0: Foul Ball, location: 2F
0-1: Foul Ball, location: 2F
0-2: Ball
Bill Dennis steals 2nd base
1-2: Ball
2-2: DOUBLE (Flyball, 9LM)
Bill Dennis scores
Batting: RHB Robert Hill 0-0: Swinging Strike
0-1: Ball
1-1: Ball
2-1: Called Strike
2-2: Strikes out swinging
Batting: RHB Máximo Padilla 0-0: Ball
Jason Dunn steals 3rd base
1-0: Called Strike
1-1: Ball
2-1: Called Strike
2-2: Fly out, F7 (Flyball, 78D)
Runner from 3rd tags up, SCORES, no throw
Batting: LHB Eduardo López 0-0: Foul Ball, location: 2F
0-1: Ground out 1-3 (Groundball, 25)
Top of the 4th over - 2 run(s), 1 hit(s), 0 error(s), 0 left on base; Athletic Club KC 4 - Bloomington 3
BOTTOM OF THE 4TH
Bloomington Longnecks batting - Pitching for Athletic Club KC Reserves : LHP António Uribe
Batting: LHB Monte Pollard 0-0: Ball
1-0: Ball
2-0: Foul Ball, location: 2F
2-1: Foul Ball, location: 2F
2-2: Ball
3-2: Fly out, F8 (Flyball, 8LD)
Batting: RHB Darrell Terwey 0-0: Foul Ball, location: 2F
0-1: Ball
1-1: Swinging Strike
1-2: Foul Ball, location: 2F
1-2: Foul Ball, location: 2F
1-2: Strikes out swinging
Batting: RHB Michael Hicks 0-0: Called Strike
0-1: Foul Ball, location: 2F
0-2: Ball
1-2: Strikes out swinging
Bottom of the 4th over - 0 run(s), 0 hit(s), 0 error(s), 0 left on base; Athletic Club KC 4 - Bloomington 3
TOP OF THE 5TH
Athletic Club KC Reserves batting - Pitching for Bloomington Longnecks : RHP Ron Stone
Batting: LHB Matt Hartnett 0-0: Foul Ball, location: 2F
0-1: SINGLE (Line Drive, 6MD)
Batting: RHB Glenn Woods 0-0: Bunt missed!
0-1: Sac Bunt - play at first, batter OUT! 1-4
Matt Hartnett to second
Batting: SHB Pedro Vázquez 0-0: SINGLE (Groundball, 6MD) (infield hit)
Matt Hartnett to third
Batting: RHB Joe Guy 0-0: Fly out, F8 (Flyball, 8RM)
Runner from 3rd tags up, SCORES, no throw
Batting: RHB Bill Dennis 0-0: Called Strike
0-1: Ball
1-1: Foul Ball, location: 2F
1-2: Strikes out swinging
Top of the 5th over - 1 run(s), 2 hit(s), 0 error(s), 1 left on base; Athletic Club KC 5 - Bloomington 3
BOTTOM OF THE 5TH
Bloomington Longnecks batting - Pitching for Athletic Club KC Reserves : LHP António Uribe
Batting: SHB Adrián Pueblo 0-0: Ball
1-0: Ground out U3 (Groundball, 3)
Batting: SHB Juan Gil 0-0: Reached on error, E6 (Groundball, 56)
Batting: RHB Lawrence Olsen 0-0: Called Strike
0-1: Called Strike
0-2: Ball
1-2: 2-RUN HOME RUN (Flyball, 8RXD), Distance : 430 ft
Batting: RHB Iván Ríos 0-0: Ball
1-0: Called Strike
1-1: Ball
2-1: Foul Ball, location: 2F
2-2: Ground out U3 (Groundball, 3S)
Batting: LHB Don Sullivan 0-0: Fly out, F7 (Flyball, 78M)
Bottom of the 5th over - 2 run(s), 1 hit(s), 1 error(s), 0 left on base; Athletic Club KC 5 - Bloomington 5
TOP OF THE 6TH
Athletic Club KC Reserves batting - Pitching for Bloomington Longnecks : RHP Ron Stone
Batting: RHB Jason Dunn 0-0: Ball
1-0: Called Strike
1-1: Ball
2-1: SINGLE (Groundball, 6M)
Batting: RHB Robert Hill 0-0: Called Strike
0-1: Ball
1-1: Ball
2-1: Swinging Strike
2-2: Ball
3-2: Base on Balls
Jason Dunn to second
Batting: RHB Máximo Padilla 0-0: Bunted foul
0-1: Sac Bunt - play at first, batter OUT! 5-4
Jason Dunn to third
Robert Hill to second
Batting: LHB Eduardo López 0-0: Ball
1-0: Ball
2-0: Ball
3-0: Base on Balls
Pitching: RHP Mark Bourg
Batting: LHB Matt Hartnett 0-0: Ball
1-0: Ball
2-0: Ball
3-0: Called Strike
3-1: Swinging Strike
3-2: Foul Ball, location: 2F
3-2: Foul Ball, location: 2F
3-2: Strikes out swinging
Batting: RHB Glenn Woods 0-0: Foul Ball, location: 2F
0-1: Ball
1-1: Ball
2-1: Foul Ball, location: 2F
2-2: Ball
3-2: GRAND SLAM HOME RUN (Flyball, 78XD), Distance : 407 ft
Batting: SHB Pedro Vázquez 0-0: Ball
1-0: Ground out 4-3 (Groundball, 4M)
Top of the 6th over - 4 run(s), 2 hit(s), 0 error(s), 0 left on base; Athletic Club KC 9 - Bloomington 5
BOTTOM OF THE 6TH
Bloomington Longnecks batting - Pitching for Athletic Club KC Reserves : LHP António Uribe
Batting: LHB John Doyle 0-0: Ground out 4-3 (Groundball, 4S)
Batting: LHB Monte Pollard 0-0: Ground out 4-3 (Groundball, 4M)
Batting: RHB Darrell Terwey 0-0: Ground out 6-3 (Groundball, 6)
Bottom of the 6th over - 0 run(s), 0 hit(s), 0 error(s), 0 left on base; Athletic Club KC 9 - Bloomington 5
TOP OF THE 7TH
Athletic Club KC Reserves batting - Pitching for Bloomington Longnecks : RHP Mark Bourg
Batting: RHB Joe Guy 0-0: Ball
1-0: Ground out 5-3 (Groundball, 56)
Batting: RHB Bill Dennis 0-0: Called Strike
0-1: Ball
1-1: Ball
2-1: Ball
3-1: SINGLE (Line Drive, 34D)
Batting: RHB Jason Dunn 0-0: Ball
1-0: Ball
2-0: Called Strike
2-1: Swinging Strike
2-2: Strikes out swinging
Batting: RHB Robert Hill 0-0: Ball
1-0: Foul Ball, location: 2F
1-1: Fielders Choice at 2nd, 5-4 (Groundball, 56)
Top of the 7th over - 0 run(s), 1 hit(s), 0 error(s), 0 left on base; Athletic Club KC 9 - Bloomington 5
BOTTOM OF THE 7TH
Bloomington Longnecks batting - Pitching for Athletic Club KC Reserves : LHP António Uribe
Batting: RHB Michael Hicks 0-0: Ground out 1-3 (Groundball, 15)
Batting: SHB Adrián Pueblo 0-0: Called Strike
0-1: Ball
1-1: Ball
2-1: Foul Ball, location: 2F
2-2: Ball
3-2: SINGLE (Line Drive, 4MD)
Pitching: RHP Jesús Hernández
Batting: SHB Juan Gil 0-0: Foul Ball, location: 2F
0-1: Ball
1-1: Foul Ball, location: 2F
1-2: Foul Ball, location: 2F
1-2: Ball
2-2: Foul Ball, location: 2F
2-2: Ball
3-2: Foul Ball, location: 2F
3-2: Base on Balls
Adrián Pueblo to second
Batting: RHB Lawrence Olsen 0-0: Fly out, F2 (Popup, 2RF)
Batting: RHB Iván Ríos 0-0: Ball
1-0: Ball
2-0: Ball
3-0: Base on Balls
Adrián Pueblo to third
Juan Gil to second
Batting: LHB Don Sullivan 0-0: Fly out, F6 (Popup, 6)
Bottom of the 7th over - 0 run(s), 1 hit(s), 0 error(s), 3 left on base; Athletic Club KC 9 - Bloomington 5
TOP OF THE 8TH
Athletic Club KC Reserves batting - Pitching for Bloomington Longnecks : RHP Mark Bourg
Batting: RHB Máximo Padilla 0-0: Swinging Strike
0-1: Foul Ball, location: 2F
0-2: Strikes out looking
Batting: LHB Eduardo López 0-0: Foul Ball, location: 2F
0-1: Swinging Strike
0-2: Foul Ball, location: 2F
0-2: Strikes out swinging
Pitching: RHP José Valenzuela
Batting: LHB Matt Hartnett 0-0: SINGLE (Groundball, 34D)
Batting: RHB Glenn Woods 0-0: Ground out 5-3 (Groundball, 56S)
Top of the 8th over - 0 run(s), 1 hit(s), 0 error(s), 1 left on base; Athletic Club KC 9 - Bloomington 5
BOTTOM OF THE 8TH
Bloomington Longnecks batting - Pitching for Athletic Club KC Reserves : RHP Jesús Hernández
Batting: LHB John Doyle 0-0: Called Strike
0-1: Swinging Strike
0-2: Ball
1-2: Strikes out looking
Batting: LHB Monte Pollard 0-0: Foul Ball, location: 2F
0-1: Ball
1-1: Ball
2-1: Fly out, F3 (Popup, 3S)
Batting: RHB Darrell Terwey 0-0: Ball
1-0: Ball
2-0: SINGLE (Flyball, 6MD)
Batting: RHB Michael Hicks 0-0: Ball
1-0: Ball
2-0: Ball
3-0: Called Strike
3-1: Base on Balls
Darrell Terwey to second
Pitching: LHP Ryan Miller
Batting: SHB Adrián Pueblo 0-0: Ball
1-0: Called Strike
1-1: Ball
2-1: Called Strike
2-2: Ball
3-2: Fly out, F7 (Line Drive, 7S)
Bottom of the 8th over - 0 run(s), 1 hit(s), 0 error(s), 2 left on base; Athletic Club KC 9 - Bloomington 5
TOP OF THE 9TH
Athletic Club KC Reserves batting - Pitching for Bloomington Longnecks : RHP José Valenzuela
Batting: SHB Pedro Vázquez 0-0: Ground out U3 (Groundball, 3S)
Batting: RHB Joe Guy 0-0: Ball
1-0: Foul Ball, location: 2F
1-1: DOUBLE (Line Drive, 7LS)
Batting: RHB Bill Dennis 0-0: Called Strike
0-1: SINGLE (Flyball, 9LM)
Joe Guy to third
Batting: RHB Jason Dunn 0-0: Ball
1-0: Called Strike
Bill Dennis steals 2nd base
1-1: Fly out, F9 (Popup, 34D)
Batting: RHB Robert Hill 0-0: Called Strike
0-1: Fly out, F9 (Flyball, 89M)
Top of the 9th over - 0 run(s), 2 hit(s), 0 error(s), 2 left on base; Athletic Club KC 9 - Bloomington 5
BOTTOM OF THE 9TH
Bloomington Longnecks batting - Pitching for Athletic Club KC Reserves : LHP Ryan Miller
Batting: SHB Juan Gil 0-0: Ball
1-0: Swinging Strike
1-1: Swinging Strike
1-2: Strikes out looking
Batting: RHB Lawrence Olsen 0-0: DOUBLE (Line Drive, 5D)
Batting: RHB Iván Ríos 0-0: Ball
1-0: Called Strike
1-1: Ball
2-1: Foul Ball, location: 2F
2-2: Strikes out looking
Batting: LHB Don Sullivan 0-0: Called Strike
0-1: Ball
1-1: Ground out 3-1 (Groundball, 34S)
Bottom of the 9th over - 0 run(s), 1 hit(s), 0 error(s), 1 left on base; Athletic Club KC 9 - Bloomington 5
This league is powered by Out of the Park Baseball, the baseball management simulation game for PC, Mac and Linux
Friday, April 15th, 2016 - OOTP Baseball 16.9 Build 39